 Dungeon Crawl Stone Soup version 0.17-a0-1210-g1e4f09d (webtiles) character file.

245 Hanyuu the Chopper (level 6, 0/51 HPs)
             Began as a Hill Orc Gladiator on June 3, 2015.
             Succumbed to a scorpion's poison
             ... on level 4 of the Dungeon.
             The game lasted 00:05:47 (2817 turns).

Hanyuu the Chopper (Hill Orc Gladiator)             Turns: 2817, Time: 00:05:47

Health: 0/51       AC:  6    Str: 18    XL:     6   Next: 10%
Magic:  6/6        EV: 11    Int: 15    God:
Gold:   142        SH:  0    Dex: 11    Spells: 0 memorised, 5 levels left

rFire  . . .     SeeInvis .     a - +0 war axe
rCold  . . .     Clarity  .     g - +0 ring mail
rNeg   . . .     SustAt   .     (no shield)
rPois  .         Gourm    .     c - +0 helmet
rElec  .         Spirit   .     (no cloak)
rCorr  .         Warding  .     (no gloves)
rMut   .         Stasis   .     (no boots)
MR     +....                    (no amulet)
Stlth  +.........               (no ring)
                                l - ring of protection from magic

@: brilliant, lethally poisoned (0 -> -6), somewhat resistant to hostile
enchantments, very unstealthy
A: no striking features
a: no special abilities


You were on level 4 of the Dungeon.
You were not hungry.

You visited 1 branch of the dungeon, and saw 4 of its levels.

You collected 142 gold pieces.

Inventory:

Hand weapons
 a - a +0 war axe (weapon)
Missiles
 d - 3 throwing nets (quivered)
 i - 29 poisoned needles
Armour
 b - a +0 leather armour
 c - a +0 helmet (worn)
 g - a +0 ring mail (worn)
Jewellery
 l - a ring of protection from magic (left hand)
Scrolls
 e - 3 scrolls of amnesia
 k - a scroll of teleportation
 n - a scroll of remove curse
 p - a scroll of enchant weapon {unknown}
 q - a scroll of identify {unknown}
Comestibles
 f - 3 meat rations
 o - a royal jelly
 r - 4 fruits
 s - 6 chunks of flesh
 v - 3 bread rations


   Skills:
 + Level 3.5 Fighting
 * Level 7.8 Axes
 - Level 2.0 Throwing
 + Level 1.8 Armour
 - Level 2.4 Dodging


You had 5 spell levels left.
You didn't know any spells.

Dungeon Overview and Level Annotations

Branches:
Dungeon (4/15)
 Temple: D:4-7

Altars:
Kikubaaqudgha


Message History

Drink which item? (? for menu, Esc to quit)
It was a potion of magic.
Magic courses through your body.
* * * LOW HITPOINT WARNING * * *
You feel sick.
Drink which item? (? for menu, Esc to quit)
It was a potion of cure mutation.
It has a very clean taste.
* * * LOW HITPOINT WARNING * * *
You feel sick.
* * * LOW HITPOINT WARNING * * *
You feel sick.
* * * LOW HITPOINT WARNING * * *
You feel sick.
* * * LOW HITPOINT WARNING * * *
You feel sick.
Things that are here:
a dagger; a giant gecko corpse You aren't carrying any potions.
* * * LOW HITPOINT WARNING * * *
You feel sick.
You die...

....## #...#.#
.....####.###.#
.>...##...# #.##
...####.### #..#
.#####..# ##.#######
.....#.######.)......###
.###....................
........#####........##
....###..<..#...@....#
#### #####..........#
###..%........
##########.. #


There were no monsters in sight!

Vanquished Creatures
  A scorpion (D:4)
  3 worker ants (D:4)
  5 adders
  2 worms (D:2)
  4 giant geckos
  An orc (D:3)
  5 giant cockroaches
  5 goblins
  8 hobgoblins
  5 jackals
  8 kobolds
  6 bats
  5 giant newts
  A quokka (D:4)
  5 rats
64 creatures vanquished.

Notes
Turn   | Place    | Note
--------------------------------------------------------------
     0 | D:1      | Hanyuu the Hill Orc Gladiator began the quest for the Orb.
     0 | D:1      | Reached XP level 1. HP: 18/18 MP: 1/1
   203 | D:1      | Reached XP level 2. HP: 25/25 MP: 2/2
   315 | D:1      | Reached skill level 5 in Axes
   923 | D:2      | Found an ancient bone altar of Kikubaaqudgha.
   932 | D:2      | Reached XP level 3. HP: 30/30 MP: 3/3
  1058 | D:2      | Reached skill level 6 in Axes
  1153 | D:2      | Reached XP level 4. HP: 28/37 MP: 4/4
  2515 | D:4      | Reached skill level 7 in Axes
  2515 | D:4      | Reached XP level 5. HP: 35/45 MP: 5/5
  2628 | D:4      | Reached skill level 1 in Armour
  2808 | D:4      | Reached XP level 6. HP: 9/51 MP: 6/6
  2814 | D:4      | HP: 2/51 [poisoned by a scorpion]
  2817 | D:4      | Succumbed to a scorpion's poison

Vault maps used:
D:1:      zelgadis_glass_arrival_small, solitary_fountain
D:2:      lemuel_crystal_altar, minmay_box_of_dots
D:3:      hangedman_decor_growths
D:4:      uniq_natasha

Action                   |  1- 3 |  4- 6 || total
-------------------------+-------+-------++-------
Melee: War axe           |    86 |   116 ||   202
  Use: Scroll            |       |     3 ||     3
       Potion            |       |     3 ||     3
  Eat: Chunk             |     1 |     5 ||     6
